 Dungeon Crawl Stone Soup version 0.29.1-15-g9cfb28693d (webtiles) character file.

Game seed: 498416226927595083

6107 booth the Fighter (level 10, -11/84 HPs)
             Began as a Demonspawn Gladiator on Mar 13, 2023.
             Was an Initiate of Gozag.
             Mangled by an orc warlord
             ... wielding a +7 battleaxe
              (18 damage)
             ... in a bailey on Mar 14, 2023.
             The game lasted 01:04:23 (10631 turns).

booth the Fighter (Demonspawn Gladiator)           Turns: 10631, Time: 01:04:24

Health: -11/84     AC: 17    Str: 19    XL:     10   Next: 58%
Magic:  19/19      EV: 15    Int: 10    God:    Gozag
Gold:   1174       SH:  0    Dex: 14    Spells: 9/9 levels left

rFire   . . .      SeeInvis +   a - +1 war axe (spect)
rCold   . . .      Faith    .   (no shield)
rNeg    . . .      Spirit   .   g - +2 acid dragon scales
rPois   .          Reflect  .   c - +0 helmet
rElec   .          Harm     .   l - +2 cloak
rCorr   +          Rampage  .   (no gloves)
Will    .....                   t - +2 pair of boots of Integrity {MP+9}
Stlth   +.........              (no amulet)
HPRegen 0.24/turn               (no ring)
MPRegen 0.16/turn               (no ring)

@: gold aura
A: claws 2, rugged brown scales 2, foul stench 1, powered by death 2, talons 1,
see invisible
a: Renounce Religion, Potion Petition, Call Merchant, Bribe Branch


You were in a bailey.
You worshipped Gozag.
Gozag was most pleased with you.
You visited 1 branch of the dungeon, and saw 9 of its levels.
You also visited: Bailey.

You collected 1604 gold pieces.
You spent 388 gold pieces at shops.
You paid 42 gold pieces to Gozag.

Inventory:

Hand Weapons
 a - a +1 spectral war axe (weapon)
 z - a +3 battleaxe of freezing
 J - a +5 vorpal mace
Missiles
 d - 4 throwing nets (quivered)
 f - 12 poisoned darts
 B - 3 silver boomerangs
 H - 6 boomerangs
Armour
 b - a +0 leather armour
 c - a +0 helmet (worn)
 g - +2 acid dragon scales (worn)
 k - a +2 chain mail of willpower
 l - a +2 cloak (worn)
 t - the +2 pair of boots of Integrity (worn) {MP+9}
   (You bought it in a shop on level 1 of the Dungeon)

   MP:        It affects your magic capacity (+9).
 E - a +0 leather armour of cold resistance
Jewellery
 i - an amulet of the acrobat
 r - a ring of flight
 s - a +6 ring of intelligence
 u - a ring of magical power
Wands
 e - a wand of flame (29)
 h - a wand of mindburst (11)
 G - a wand of light (13)
 I - a wand of paralysis (8)
Scrolls
 j - a scroll of brand weapon
 y - a scroll of summoning {unknown}
 A - 3 scrolls of teleportation {unknown}
 C - a scroll of silence {unknown}
 D - 2 scrolls of fear {unknown}
 L - a scroll of enchant weapon
Potions
 m - a potion of curing
 n - 3 potions of magic
 p - a potion of cancellation
 q - a potion of invisibility
 v - a potion of flight
 F - a potion of brilliance {unknown}
 K - 2 potions of heal wounds {unknown}


   Skills:
 + Level 8.2 Fighting
 * Level 8.2 Axes
 + Level 7.4 Throwing
 + Level 7.7 Dodging


You had 9 spell levels left.
You didn't know any spells.
Your spell library contained the following spells:

 Spells                   Type           Power      Damage    Failure   Level
 Ensorcelled Hibernation  Hex/Ice        0%         N/A       58%         2
 Ozocubu's Armour         Ice            0%         N/A       83%         3
 Spider Form              Tmut/Pois      0%         N/A       83%         3
 Stone Arrow              Conj/Erth      0%         3d7       83%         3
 Anguish                  Hex/Necr       0%         N/A       99%         4
 Animate Armour           Summ/Erth      0%         N/A       99%         4
 Ozocubu's Refrigeration  Ice            0%         4d7       100%        7
 Lehudib's Crystal Spear  Conj/Erth      0%         10d2      100%        8


Dungeon Overview and Level Annotations

Branches:
Dungeon (9/15)             Temple (0/1) D:6          Bailey (1/1)
   Lair: D:8-11         Orc: D:9-12

Altars:
Cheibriados
Gozag
Ru
Uskayaw
Vehumet
Yredelemnul

Shops:
D:1 *[[*!   D:2 !   D:6 [


Innate Abilities, Weirdness & Mutations

You have very sharp fingernails.
You are mostly covered in rugged brown scales. (AC +2, +5% HP)
You may rarely emit foul miasma when damaged in melee.
You regenerate health from kills.
You have sharp toenails.
You have supernaturally acute eyesight. (SInv)


Message History

Items here: $ )) [[.
You closely miss the orc warlord.
The orc warlord is lightly wounded.
Your +1 spectral war axe hits the orc warlord!
The orc warlord is distracted by your dazzling golden aura.
You catch the helpless orc warlord completely off-guard!
You hit the orc warlord but do no damage.
The orc warlord is no longer distracted by gold.
You claw the orc warlord, but do no damage.
The orc warlord is lightly wounded.
Your +1 spectral war axe hits the orc warlord.
The orc warlord hits you with a +7 battleaxe!
The orc warlord hits your +1 spectral war axe with a +7 battleaxe.
Your spectral weapon shares its damage with you!
You hit the orc warlord but do no damage.
The orc warlord is moderately wounded.
Your +1 spectral war axe closely misses the orc warlord.
The orc warlord barely misses you.
The orc warlord misses your +1 spectral war axe.
You slash the orc warlord!
The orc warlord is moderately wounded.
Your +1 spectral war axe closely misses the orc warlord.
The orc warlord hits you with a +7 battleaxe!!
The orc warlord hits your +1 spectral war axe with a +7 battleaxe!
Your spectral weapon shares its damage with you!
You barely miss the orc warlord.
The orc warlord is moderately wounded.
Your +1 spectral war axe hits the orc warlord.
The orc warlord hits you with a +7 battleaxe!!
* * * LOW HITPOINT WARNING * * *
You emit a cloud of foul miasma!
The orc warlord hits your +1 spectral war axe with a +7 battleaxe!!
Your spectral weapon shares its damage with you!
Your +1 spectral war axe fades away.
* * * LOW HITPOINT WARNING * * *
The orc warlord is engulfed in dark miasma.
The orc warlord looks even sicker.
The orc warlord hits you with a +7 battleaxe!!
You die...
Your body crumbles into a pile of gold.

♣..........♣♣
♣♣....∩.....♣
♣....)....♣♣
♣♣.......♣♣ ♣##'''##♣
##.....## #.......#
##..$)...##
#§.o@)....#
##..§))....##
#######.....⌠.....#
##....)##.........##
#....)).'.........'.
##.....))##.......##.
#.........#.......#
##.........##.....##
#.....o.....#######


You could see an orc warlord (very poisoned).

Vanquished Creatures
  Pikel (D:4)
  Maggie (D:6)
  3 yaks (D:9)
  5 steam dragons
  Menkaure (D:6)
  8 orc warriors
  2 water moccasins
  An ice beast (D:7)
  A sky beast (D:7)
  4 black bears
  An ogre (D:5)
  A phantom (D:6)
  2 lemures (D:4)
  A kobold brigand (D:7)
  A bullfrog (D:8)
  Blork the orc (D:4)
  2 gnoll sergeants
  A scorpion (D:5)
  19 wights
  3 killer bees (D:8)
  2 howler monkeys (D:9)
  4 jellies
  3 orc priests
  2 hounds
  A gnoll bouda (D:6)
  Ijyb (D:4)
  4 iguanas
  4 orc wizards
  6 adders
  22 gnolls
  2 white imps (D:5)
  2 ufetubi
  2 worms (D:3)
  A dart slug (D:5)
  27 orcs
  4 bats
  3 endoplasms
  3 giant cockroaches
  15 goblins
  15 hobgoblins
  8 jackals
  5 quokkas
  11 ball pythons
  3 frilled lizards
  8 kobolds
  5 rats
  A spectral orc (D:8)
223 creatures vanquished.

Vanquished Creatures (others)
  A gnoll (D:6)
  6 fungi (D:8)
7 creatures vanquished.

Grand Total: 230 creatures vanquished

Notes
Turn   | Place    | Note
-------+----------+-------------------------------------------
     0 | D:1      | booth the Demonspawn Gladiator began the quest for the Orb.
     0 | D:1      | Reached XP level 1. HP: 16/16 MP: 1/1
   286 | D:1      | Found Astijicio's Antique Armour Boutique.
   324 | D:1      | Gained mutation: You have sharp fingernails. [demonic
                  | ancestry]
   324 | D:1      | Reached XP level 2. HP: 5/22 MP: 2/2
   918 | D:1      | Found Daetomes's General Store.
   920 | D:1      | Found Rofan's Armour Boutique.
  1044 | D:1      | Found Kennuel's Distillery.
  1247 | D:1      | Found Jakliet's General Store.
  1324 | D:1      | Gained mutation: You may rarely emit foul miasma when
                  | damaged in melee. [demonic ancestry]
  1324 | D:1      | Reached XP level 3. HP: 20/28 MP: 3/3
  1638 | D:1      | Gained mutation: You have supernaturally acute eyesight.
                  | (SInv) [potion of mutation]
  1638 | D:1      | Gained mutation: You have sharp toenails. [potion of
                  | mutation]
  1721 | D:2      | Found Bevvil's Distillery.
  2422 | D:2      | Reached XP level 4. HP: 29/34 MP: 4/4
  2548 | D:3      | Found an opulent altar of Gozag.
  2908 | D:3      | Found a faded altar of an unknown god.
  2937 | D:3      | Became a worshipper of Gozag Ym Sagoz the Greedy
  3161 | D:3      | Found a sacrificial altar of Ru.
  3181 | D:3      | Found a radiant altar of Vehumet.
  3526 | D:4      | Noticed Ijyb
  3543 | D:4      | Killed Ijyb
  3544 | D:4      | Gained mutation: You regenerate a little health from kills.
                  | [demonic ancestry]
  3544 | D:4      | Reached XP level 5. HP: 13/41 MP: 5/5
  3799 | D:4      | Noticed a lemure
  3799 | D:4      | Noticed a lemure
  3799 | D:4      | Noticed Pikel
  3827 | D:4      | Killed a lemure
  3924 | D:4      | Noticed a lemure
  3939 | D:4      | Killed a lemure
  4079 | D:4      | Killed Pikel
  4080 | D:4      | Gained mutation: You are partially covered in rugged brown
                  | scales. (AC +1, +3% HP) [demonic ancestry]
  4080 | D:4      | Reached XP level 6. HP: 19/50 MP: 6/6
  4080 | D:4      | Gained mutation: You are mostly covered in rugged brown
                  | scales. (AC +2, +5% HP) [demonic ancestry]
  4080 | D:4      | Reached XP level 7. HP: 19/57 MP: 7/7
  4367 | D:4      | Noticed Blork the orc
  4377 | D:4      | Killed Blork the orc
  4831 | D:1      | Bought a pair of heavily runed boots for 285 gold pieces
  4831 | D:1      | Identified the +2 pair of boots of Integrity {MP+9} (You
                  | bought it in a shop on level 1 of the Dungeon)
  4914 | D:5      | Entered Level 5 of the Dungeon
  5040 | D:5      | Reached skill level 5 in Fighting
  5056 | D:5      | Reached skill level 5 in Axes
  5056 | D:5      | Reached skill level 5 in Dodging
  5056 | D:5      | Reached XP level 8. HP: 56/65 MP: 8/8
  5569 | D:5      | You fall into a shaft and drop 2 floors!
  5613 | D:6      | Noticed Maggie
  5617 | D:6      | Noticed Menkaure
  5623 | D:6      | Killed Menkaure
  5624 | D:6      | Reached skill level 5 in Throwing
  5626 | D:6      | Killed Maggie
  6031 | D:6      | Found a staircase to the Ecumenical Temple.
  6080 | D:6      | Found Xyvvijet's Armour Shoppe.
  6082 | D:6      | Identified the +9 dagger "Ogre's Nightmare" {flame, *Noise
                  | rElec rF+}
  6163 | D:6      | Gained mutation: You have very sharp fingernails. [demonic
                  | ancestry]
  6163 | D:6      | Reached XP level 9. HP: 60/72 MP: 9/9
  6751 | D:6      | Found a snail-covered altar of Cheibriados.
  7791 | D:1      | Bought a scroll of identify for 28 gold pieces
  7827 | D:1      | Bought a scroll of enchant weapon for 75 gold pieces
  8552 | D:8      | Gained mutation: You regenerate health from kills. [demonic
                  | ancestry]
  8552 | D:8      | Reached XP level 10. HP: 80/82 MP: 10/10
  8578 | D:8      | Found a hide-covered altar of Uskayaw.
  8687 | D:8      | Found a basalt altar of Yredelemnul.
  9495 | D:9      | Found a flagged portal.
 10031 | Bailey   | Entered a bailey
 10227 | Bailey   | Noticed an orc warlord
 10631 | Bailey   | Mangled by an orc warlord

Illustrated notes

Levels and vault maps discovered:
D:1:      minmay_arrival_nine_rooms, layout_basic, serial_shops, shop,
          nicolae_shop_behind_doors, shop, nicolae_shop_hallway_plus, shop
D:2:      layout_basic, serial_shops, nicolae_shop_statue_plus,
          minmay_tetromino_i2
D:3:      layout_basic, mainiacjoe_overflow_alcove_4,
          mainiacjoe_overflow_small_starburst, overflow_temple_1_default,
          ebering_ecumenical_altar_hall, chequers_serial_rivers_micro_d,
          minmay_misc_feat_enclosed
D:4:      layout_rooms, kennysheep_flooded_box, uniq_pikel, uniq_ijyb,
          uniq_blork_the_orc
D:5:      layout_basic, chequers_serial_rivers_room_b, minivault_11
D:6:      layout_loops_ring, marbit_many_paths, minmay_temple_entry_fiery,
          serial_shops, shop, uniq_menkaure, uniq_maggie
D:7:      cheibrodos_quashed, layout_loops_ring
D:8:      kennysheep_steamy, layout_gridville, jmf_multi_god_temple,
          yredelemnul_forgotten_temple_becter,
          hangedman_abyss_or_decor_lesser_grid
D:9:      layout_loops_corners, erik_lair_orcish_takeover, david_orc_5,
          enter_bailey_5
Bailey:   bailey_axe_minmay_hex_keep, bailey

Skill      XL: |  1  2  3  4  5  6  7  8  9 10 |
---------------+-------------------------------+-----
Throwing       | 2 4 5 6 7 |  7.4
Axes           | 3 4 5 6 7 8 |  8.2
Dodging        | 3 4 5 6 7 |  7.7
Fighting       | 3 4 5 6 7 8 |  8.2

Action                   |  1- 3 |  4- 6 |  7- 9 | 10-12 || total
-------------------------+-------+-------+-------+-------++-------
Melee: War axe           |   106 |    88 |   168 |   128 ||   490
       Kick              |     9 |    26 |     6 |       ||    41
       Punch             |     2 |       |     3 |     4 ||     9
Throw: Throwing net      |     2 |     2 |     1 |     2 ||     7
       Javelin           |     1 |     1 |     1 |     1 ||     4
       Dart              |       |     5 |     4 |     3 ||    12
  Use: Potion            |     6 |     2 |     1 |     1 ||    10
       Scroll            |     3 |     6 |     5 |     6 ||    20
 Stab: Distracted        |       |     1 |     1 |     2 ||     4
       Sleeping          |       |       |     1 |       ||     1
Armor: Leather armour    |    30 |    25 |    21 |       ||    76
       Acid dragon scale |       |       |    38 |    46 ||    84
Dodge: Dodged            |    86 |    50 |    97 |    81 ||   314
